 Dungeon Crawl Stone Soup version 0.20.1-1-g8b1a95d (webtiles) character file.

291 Goboxel the Firebug (level 6, -1/41 HPs)
             Began as a Human Fire Elementalist on Aug 13, 2017.
             Slain by a slave (3 damage)
             ... led by Pikel
             ... on level 3 of the Dungeon.
             The game lasted 00:08:43 (2975 turns).

Goboxel the Firebug (Human Fire Elementalist)       Turns: 2975, Time: 00:08:43

Health: -1/41      AC:  3    Str: 10    XL:     6   Next: 59%
Magic:  10/11      EV: 12    Int: 24    God:
Gold:   176        SH:  0    Dex: 14    Spells: 6/12 levels left

rFire    . . .     SeeInvis .   q - +1 dagger (venom)
rCold    . . .     Gourm    .   (no shield)
rNeg     . . .     Faith    .   a - +1 robe
rPois    .         Spirit   .   (no helmet)
rElec    .         Reflect  .   (no cloak)
rCorr    +         Harm     .   (no gloves)
MR       .....                  (no boots)
Stlth    ++........             (no amulet)
Regen    0.2/turn               p - ring of resist corrosion
MPRegen  0.2/turn               (no ring)

@: brilliant, flying, very slightly contaminated
A: clever 1, strong 1
a: no special abilities


You were on level 3 of the Dungeon.
You were not hungry.

You visited 1 branch of the dungeon, and saw 4 of its levels.

You collected 176 gold pieces.

Inventory:

Hand Weapons
 q - a +1 dagger of venom (weapon)
Armour
 a - a +1 robe (worn)
Jewellery
 p - a ring of resist corrosion (left hand)
Wands
 d - a wand of digging (9/24)
Scrolls
 f - a scroll of enchant armour
 k - 2 scrolls of magic mapping
 o - a scroll of remove curse
Potions
 m - 2 potions of mutation
Books
 b - a book of Flames

   Spells                             Type                      Level
   a - Flame Tongue                   Conjuration/Fire             1
   b - Throw Flame                    Conjuration/Fire             2
   c - Conjure Flame                  Conjuration/Fire             3
   d - Inner Flame                    Hexes/Fire                   3
   e - Sticky Flame                   Conjuration/Fire             4
   f - Fireball                       Conjuration/Fire             5
 g - a book of Cantrips

   Spells                             Type                      Level
   a - Confusing Touch                Hexes                        1
   b - Animate Skeleton               Necromancy                   1
   c - Summon Small Mammal            Summoning                    1
   d - Apportation                    Translocation                1
Comestibles
 c - 2 bread rations
 h - a meat ration
 i - 2 chunks of flesh
 s - a royal jelly


   Skills:
 - Level 2.0 Dodging
 - Level 2.0 Stealth
 + Level 3.9 Spellcasting
 + Level 3.4 Conjurations
 + Level 4.6 Fire Magic


You had 6 spell levels left.
You knew the following spells:

 Your Spells              Type           Power        Failure   Level  Hunger
a - Flame Tongue          Conj/Fire      #####        1%          1    None
b - Throw Flame           Conj/Fire      #####.       1%          2    #......
c - Conjure Flame         Conj/Fire      #####...     1%          3    ##.....


Dungeon Overview and Level Annotations

Branches:
Dungeon (4/15)             Temple (0/1) D:4

Altars:
Kikubaaqudgha

Annotations:
D:4 Pikel


Innate Abilities, Weirdness & Mutations

Your mind is acute. (Int +2)
Your muscles are strong. (Str +2)


Message History

Confirm with . or Enter, or press ? or * to list all spells.
Aiming: Conjure Flame
Press: ? - help, Dir - move target cursor, f/p - slave
Aim: a slave, wearing an animal skin (lightly wounded)
Okay, then.
Casting: Conjure Flame
Confirm with . or Enter, or press ? or * to list all spells.
Aiming: Flame Tongue
Press: ? - help, Shift-Dir - straight line, f/p - slave
Aim: a slave, wearing an animal skin (lightly wounded)
The flame tongue misses the slave.
The slave closely misses you.
Casting: Flame Tongue
Confirm with . or Enter, or press ? or * to list all spells.
Aiming: Flame Tongue
Press: ? - help, Shift-Dir - straight line, f/p - slave
Aim: a slave, wearing an animal skin (lightly wounded)
The flame tongue hits the slave.
The slave is heavily wounded.
The slave hits you.
You die...

#.# #.....##. #.# #############.
#.# #.......# #... #.# #.......#
#.#. ####.#### #.......# #.#.
#.......# #.......# #..)
#.##.##.# #.......# #.#.
#.##.##p# #.......###.##
#.##.##@# #.............
#.##.##.######.###.#.###
#####.#####...#.#...#....
#.........###.#.#.#####..
#######.....###.# #.......#..)#
#.....#..##...#.###.#....(#...#
###.##.##..#....#.#...........#..
....#.#.....(_...(..#.#.#.##.##..
###..####.#...)#..#...#)#.##.....


You could see a slave.

Vanquished Creatures
  Menkaure (D:4)
  A hound (D:3)
  5 adders
  4 worms (D:3)
  2 dart slugs
  2 leopard geckos (D:3)
  5 giant cockroaches
  11 goblins
  11 hobgoblins
  2 jackals (D:3)
  2 quokkas (D:2)
  A ball python (D:3)
  9 bats
  9 frilled lizards
  11 kobolds
  7 rats
83 creatures vanquished.

Notes
Turn   | Place    | Note
-------+----------+-------------------------------------------
     0 | D:1      | Goboxel the Human Fire Elementalist began the quest for the Orb.
     0 | D:1      | Reached XP level 1. HP: 13/13 MP: 3/3
   278 | D:1      | Reached XP level 2. HP: 19/19 MP: 3/5
   336 | D:1      | Learned a level 2 spell: Throw Flame
   614 | D:1      | Reached XP level 3. HP: 24/24 MP: 4/6
   793 | D:1      | Learned a level 3 spell: Conjure Flame
  1641 | D:2      | Gained mutation: Your muscles are strong. (Str +2) [potion of mutation]
  1641 | D:2      | Gained mutation: Your mind is acute. (Int +2) [potion of mutation]
  1672 | D:2      | Reached XP level 4. HP: 19/30 MP: 3/8
  2074 | D:3      | Found an ancient bone altar of Kikubaaqudgha.
  2362 | D:3      | Reached XP level 5. HP: 32/35 MP: 4/9
  2711 | D:3      | Reached skill level 4 in Fire Magic
  2941 | D:4      | Found a staircase to the Ecumenical Temple.
  2941 | D:4      | Noticed Pikel
  2941 | D:4      | Noticed a slave
  2941 | D:4      | Noticed Menkaure
  2943 | D:4      | Noticed a slave
  2944 | D:4      | Noticed a slave
  2944 | D:4      | Killed Menkaure
  2944 | D:4      | Reached XP level 6. HP: 32/41 MP: 7/11
  2946 | D:4      | Noticed a slave
  2959 | D:3      | HP: 2/41 [slave[Pikel] (6)]
  2971 | D:3      | HP: 1/41 [slave[Pikel] (5)]
  2975 | D:3      | Slain by a slave

Skill      XL: |  1  2  3  4  5 |
---------------+----------------+-----
Conjurations   | 2 3 |  3.4
Spellcasting   | 3 |  3.9
Fire Magic     | 4 |  4.6
Dodging        | |  2.0
Stealth        | |  2.0

Action                   |  1- 3 |  4- 6 || total
-------------------------+-------+-------++-------
Melee: Dagger            |    40 |    21 ||    61
 Cast: Flame Tongue      |    68 |    80 ||   148
       Throw Flame       |       |     1 ||     1
  Use: Scroll            |     2 |     9 ||    11
       Potion            |     1 |     5 ||     6
  Eat: Chunk             |     3 |     4 ||     7
Armor: Robe              |    36 |    12 ||    48
Dodge: Dodged            |    91 |    52 ||   143
